 Dungeon Crawl Stone Soup version 0.27.1-3-gb3d3a73c9e (webtiles) character file.

Game seed: 11805503738097872745

98084 raph the Spry (level 16, -1/128 HPs)
             Began as a Merfolk Gladiator on Oct 17, 2021.
             Was a High Priest of Zin.
             Slain by an ettin (24 damage)
             ... while paralysed by a floating eye
             ... on level 15 of the Dungeon.
             The game lasted 00:50:31 (27895 turns).

raph the Spry (Merfolk Gladiator)                  Turns: 27895, Time: 00:50:31

Health: -1/128     AC: 19    Str: 16    XL:     16   Next: 21%
Magic:  23/23      EV:  2    Int:  8    God:    Zin [*****.]
Gold:   1989       SH:  0    Dex: 26    Spells: 12/15 levels left

rFire    + + +     SeeInvis .   a - +9 trident (freeze)
rCold    . . .     Faith    .   B - +0 kite shield
rNeg     . . .     Spirit   .   b - +0 fire dragon scales
rPois    +         Reflect  .   c - +2 helmet
rElec    .         Harm     .   E - +0 cloak
rCorr    .         Rampage  .   C - +1 pair of gloves
Will     ++...                  y - +1 pair of boots
Stlth    +++.......             k - amulet of the acrobat
HPRegen  0.31/turn              Q - ring of the Invisible Hand {rPois rF+ rC+ Will+}
MPRegen  0.18/turn              J - +6 ring of dexterity

@: paralysed, on recite cooldown, studying Dodging
A: (nimble swimmer 2), mertail
a: Renounce Religion, Recite, Vitalisation, Imprison, Sanctuary, Donate Gold


You were on level 15 of the Dungeon.
You worshipped Zin.
Zin was extremely pleased with you.
You visited 5 branches of the dungeon, and saw 25 of its levels.
You also visited: Ice Cave.

You collected 3301 gold pieces.
You spent 962 gold pieces at shops.
You donated 350 gold pieces to Zin.

Inventory:

Hand Weapons
 a - a +9 trident of freezing (weapon)
 D - a +0 trident
 T - a +3 trident of flaming
Missiles
 d - 2 throwing nets
 p - 115 poisoned darts
 w - 6 silver javelins
 I - 3 curare-tipped darts
 N - 10 javelins
 V - 8 silver boomerangs (quivered)
Armour
 b - +0 fire dragon scales (worn)
 c - a +2 helmet (worn)
 y - a +1 pair of boots (worn)
 B - a +0 kite shield (worn)
 C - a +1 pair of gloves (worn)
 E - a +0 cloak (worn)
 O - a +1 troll leather armour
Jewellery
 g - a +4 ring of protection
 j - a ring of protection from fire
 k - an amulet of the acrobat (around neck)
 l - a +6 ring of dexterity
 o - a ring of poison resistance
 J - a +6 ring of dexterity (right hand)
 Q - the ring of the Invisible Hand (left hand) {rPois rF+ rC+ Will+}
   (You found it on level 11 of the Dungeon)

   [ring of poison resistance]

   rF:        It protects you from fire.
   rC:        It protects you from cold.
   rPois:     It protects you from poison.
   Will:      It increases your willpower.
 Y - a ring of resist corrosion
Wands
 q - a wand of iceblast (51)
 r - a wand of paralysis (30)
 u - a wand of mindburst (8)
 x - a wand of flame (53)
 Z - a wand of acid (14)
Scrolls
 e - 2 scrolls of blinking
 f - 3 scrolls of amnesia
 h - 3 scrolls of teleportation
 L - 4 scrolls of identify
 P - 3 scrolls of enchant weapon
 S - 2 scrolls of fear
Potions
 i - 5 potions of attraction
 m - 3 potions of haste
 n - a potion of brilliance
 s - 5 potions of magic
 t - 3 potions of heal wounds
 A - 3 potions of might
 F - a potion of invisibility
 G - 6 potions of curing
 H - 2 potions of flight
 R - 6 potions of ambrosia
 U - a potion of berserk rage
 X - a potion of cancellation
Miscellaneous
 K - a lightning rod (4/4)
 W - a tin of tremorstones (2/2)


   Skills:
 + Level 12.3 Fighting
 - Level 16.1 Polearms
 + Level 8.2 Throwing
 + Level 5.9 Armour
 + Level 16.9 Dodging
 + Level 9.2 Stealth
 * Level 13.5 Shields
 - Level 9.5 Invocations
 + Level 2.5 Evocations


You had 12 spell levels left.
You knew the following spells:

 Your Spells              Type           Power      Damage    Failure   Level
a - Swiftness             Air            0%         N/A       100%        3

Your spell library contained the following spells:

 Spells                   Type           Power      Damage    Failure   Level
 Corona                   Hex            0%         N/A       91%         1
 Foxfire                  Conj/Fire      0%         2x1d4     91%         1
 Shock                    Conj/Air       0%         1d3       91%         1
 Sting                    Tmut/Pois      0%         1d3       91%         1
 Summon Small Mammal      Summ           0%         N/A       91%         1
 Corpse Rot               Necr/Air       N/A        N/A       97%         2
 Ensorcelled Hibernation  Hex/Ice        0%         N/A       97%         2
 Slow                     Hex            0%         N/A       97%         2
 Static Discharge         Conj/Air       0%         N/A       97%         2
 Call Canine Familiar     Summ           0%         N/A       100%        3
 Conjure Flame            Conj/Fire      0%         6-21      100%        3
 Inner Flame              Hex/Fire       0%         N/A       100%        3
 Summon Guardian Golem    Hex/Summ       0%         N/A       100%        3
 Tukima's Dance           Hex            0%         N/A       100%        3
 Airstrike                Air            0%         N/A       100%        4
 Fulminant Prism          Conj/Hex       0%         3d6       100%        4
 Hailstorm                Conj/Ice       0%         3d3       100%        4
 Ice Form                 Ice/Tmut       0%         N/A       100%        4
 Iskenderun's Mystic Bla  Conj/Tloc      0%         2d3       100%        4
 Fireball                 Conj/Fire      0%         3d3       100%        5
 Iskenderun's Battlesphe  Conj           0%         2d6       100%        5
 Lee's Rapid Deconstruct  Erth           0%         3d5*      100%        5
 Lightning Bolt           Conj/Air       0%         1d11      100%        5
 Summon Forest            Summ/Tloc      0%         N/A       100%        5
 Summon Mana Viper        Hex/Summ       0%         N/A       100%        5
 Conjure Ball Lightning   Conj/Air       0%         3x3d6     100%        6
 Eringya's Noxious Bog    Tmut/Pois      0%         N/A       100%        6
 Shadow Creatures         Summ           N/A        N/A       100%        6
 Simulacrum               Ice/Necr       0%         N/A       100%        6
 Malign Gateway           Summ/Tloc      0%         N/A       100%        7
 Orb of Destruction       Conj           0%         N/A       100%        7
 Storm Form               Tmut/Air       0%         N/A       100%        7
 Summon Hydra             Summ           0%         N/A       100%        7
 Maxwell's Capacitive Co  Air            0%         ∞         100%        8
 Summon Horrible Things   Summ           0%         N/A       100%        8


Dungeon Overview and Level Annotations

Branches:
Dungeon (15/15)            Temple (1/1) D:6            Lair (6/6) D:11
  Swamp (0/4) Lair:4        Snake (1/4) Lair:3        Slime (0/5) Lair:5
    Orc (2/2) D:10            Elf (0/3) Orc:2        Vaults (0/5) D:13
  IceCv (visited)
 Depths: D:15

Altars:
Ashenzari
Cheibriados
Dithmenos
Elyvilon
Fedhas
Gozag
Hepliaklqana
Kikubaaqudgha
Makhleb
Nemelex Xobeh
Okawaru
Qazlal
Ru
Sif Muna
Trog
Uskayaw
Vehumet
Wu Jian
Xom
Yredelemnul
Zin
The Shining One
Beogh
Jiyva

Shops:
D:3 *   D:13 *   D:14 *   Orc:2 *=([[

Annotations:
D:6 1 runed translucent door, Borgoz's ghost, novice DDBe


Innate Abilities, Weirdness & Mutations

((You are quick and stealthy near water. (Stealth+, EV+, Speed+++)))
Your lower body shifts to a powerful aquatic tail in water.


Message History

You hit the polar bear. You freeze the polar bear.
The polar bear is moderately wounded. "...the wrath of Zin, and thus be castigated!"
The ettin is dazed by your recitation.
The ettin shouts in stereo!
You finish reciting Abominations 10:78.
The polar bear bites you! You block the polar bear's attack. x2
The floating eye gazes piercingly through you!
You suddenly lose the ability to move!
The ettin is lost in a daze.
The polar bear bites you.
The polar bear claws you but does no damage. x2
The polar bear bites you!
The polar bear claws you but does no damage. x2
The floating eye's stare focuses on you.
The ettin is lost in a daze.
The polar bear bites you!
The polar bear claws you but does no damage.
The polar bear claws you.
The polar bear bites you but does no damage.
The polar bear completely misses you.
The polar bear claws you but does no damage.
The floating eye gazes piercingly through you!
You shrug off the repeated paralysis!
You can move again.
The polar bear misses you.
The polar bear claws you but does no damage.
The polar bear completely misses you. The floating eye's view fixates on you.
Unknown command.
You block the polar bear's attack. The polar bear misses you.
The polar bear completely misses you.
The floating eye gazes piercingly through you!
You suddenly lose the ability to move!
The ettin hits you with a +0 dire flail!!
The ettin hits you with a +0 vorpal dire flail!!
* * * LOW HITPOINT WARNING * * *
x2 The human hits the ettin.
The polar bear bites you!
* * * LOW HITPOINT WARNING * * *
The polar bear claws you but does no damage. x2
The ettin hits you with a +0 dire flail!!
You die...

...#.......#.. #!...##+
#..........+... #....+..
#.....#....##.. ...##..
#......#....#'### ..###'#...
#....≈≈.#......p##
..##.......
#..≈≈≈.#.......#'#+#......°.
#.≈≈≈......................
#.........hG...............
###.....#.@C....##.......#.
##.....#p.##..........#..
###...........##........
###......##...........#
##.'...........##...@..o
##..#.......##..........
#...##)#.............#+#
#(.<†..##.........p.
##<...######+###+###


You could see an ettin (dazed), a polar bear shaped shifter, a floating eye and
2 neutral humans.

Vanquished Creatures
  Kirke (D:15)
  A very ugly thing (D:15)
  A dire elephant (Lair:6)
  An ettin (D:10)
  A great orb of eyes (D:15)
  A vault guard (D:15)
  An ogre mage (D:13)
  Erolcha (Orc:2)
  6 hydras
  5 boulder beetles
  An alligator (Lair:6)
  A death knight (D:12)
  3 centaur warriors
  A catoblepas (Lair:6)
  2 deep troll shamans
  4 tengu warriors
  6 two-headed ogres
  Urug (Lair:1)
  8 death yaks
  A flayed ghost (D:15)
  2 bog bodies
  2 skeletal warriors
  3 necromancers
  5 orc knights
  A wizard (D:12)
  3 ugly things
  2 deep elf pyromancers
  4 manticores
  An oklob plant (Lair:4)
  4 cyclopes
  26 elephants
  7 black mambas
  2 ice statues (IceCv)
  A torpor snail (Lair:5)
  2 gargoyles (D:12)
  10 cane toads
  2 unseen horrors
  2 rime drakes
  4 freezing wraiths
  6 ice devils
  2 tengu conjurers (D:14)
  4 kobold demonologists
  A komodo dragon (Lair:2)
  2 yaktaurs (D:13)
  A queen bee (Lair:4)
  3 anaconda simulacra (IceCv)
  3 entropy weaver simulacra (IceCv)
  4 trolls
  3 meliai (Lair:4)
  7 polar bears
  A hornet (D:9)
  9 blink frogs
  8 dream sheep
  2 slime creatures (D:12)
  2 centaur simulacra (D:15)
  3 wraiths
  2 dire elephant simulacra (IceCv)
  5 wyverns
  23 yaks
  4 basilisks
  2 hogs (D:15)
  A redback simulacrum (D:13)
  9 vampire mosquitoes
  An acid dragon (D:13)
  2 wargs
  Menkaure (D:7)
  2 harpy simulacra (IceCv)
  33 water moccasins
  A floating eye (D:15)
  2 black bears
  An ice beast (D:7)
  24 orc warriors
  2 sky beasts (D:7)
  9 ogres
  A necrophage (D:6)
  28 wolves
  16 centaurs
  6 kobold brigands
  14 bullfrogs
  2 scorpions
  A wyvern zombie (D:7)
  A hornet simulacrum (D:15)
  A water moccasin skeleton (D:5)
  31 killer bees
  6 wights
  4 howler monkeys
  A bullfrog zombie (D:6)
  2 centaur zombies
  2 bullfrog skeletons
  A gnoll shaman (D:7)
  7 centaur skeletons
  3 hounds
  9 orc priests
  2 jellies
  12 hell rats
  4 iguanas
  12 orc wizards
  A spriggan simulacrum (IceCv)
  5 polar bear simulacra (Lair:5)
  A yak simulacrum (Lair:5)
  A killer bee zombie (D:6)
  A wolf simulacrum (Lair:5)
  A hound skeleton (D:5)
  6 adders
  9 gnolls
  A naga simulacrum (IceCv)
  2 white imps
  An adder zombie (D:5)
  2 worms
  6 dart slugs
  41 orcs
  6 ball pythons
  5 endoplasms
  4 giant cockroaches
  4 goblins
  3 hobgoblins
  7 jackals
  11 kobolds
  2 quokkas
  4 bats
  4 frilled lizards
  6 rats
  4 river rat simulacra (Lair:5)
  A pillar of salt (Lair:6)
620 creatures vanquished.

Vanquished Creatures (collateral kills)
  8 wolves (Lair:2)
8 creatures vanquished.

Vanquished Creatures (others)
  A human (D:15)
  A warg (Orc:2)
  An orc warrior (Orc:2)
  An orc priest (D:10)
  50 fungi
  3 pillars of salt
  56 plants
  2 withered plants (D:6)
115 creatures vanquished.

Grand Total: 743 creatures vanquished

Notes
Turn   | Place    | Note
-------+----------+-------------------------------------------
     0 | D:1      | raph the Merfolk Gladiator began the quest for the Orb.
     0 | D:1      | Reached XP level 1. HP: 16/16 MP: 1/1
   180 | D:1      | Reached XP level 2. HP: 23/23 MP: 2/2
   209 | D:1      | Reached skill level 5 in Polearms
   477 | D:1      | Reached XP level 3. HP: 25/28 MP: 3/3
   769 | D:2      | Got Sif Muna's Papyrus of the Captivating Birds
  1339 | D:2      | Reached XP level 4. HP: 35/35 MP: 4/4
  2126 | D:3      | Found Ramoffott's General Store.
  2591 | D:4      | Reached XP level 5. HP: 12/41 MP: 5/5
  2865 | D:4      | Noticed a black bear
  2889 | D:4      | Killed a black bear
  2890 | D:4      | Reached XP level 6. HP: 38/48 MP: 6/6
  3737 | D:5      | Entered Level 5 of the Dungeon
  3855 | D:5      | Reached skill level 5 in Dodging
  3961 | D:5      | Reached XP level 7. HP: 26/55 MP: 7/7
  4524 | D:5      | Reached skill level 5 in Fighting
  5313 | D:6      | Reached skill level 10 in Polearms
  5427 | D:6      | Reached XP level 8. HP: 63/63 MP: 8/8
  5915 | D:6      | Found a runed translucent door.
  6047 | D:6      | Noticed Borgoz's ghost (novice DDBe)
  6099 | D:6      | Reached skill level 1 in Shields
  6323 | D:6      | Found a staircase to the Ecumenical Temple.
  6325 | D:6      | Identified the +9 mace of Forced Transition {protect, Int+2
                  | Stlth+}
  6352 | Temple   | Entered the Ecumenical Temple
  6447 | Temple   | Became a worshipper of Zin the Law-Giver
  6447 | Temple   | Reached * piety under Zin
  6452 | D:6      | Donated 108 gold pieces to Zin
  6663 | D:7      | Reached XP level 9. HP: 59/70 MP: 9/9
  6746 | D:7      | Reached ** piety under Zin
  6915 | D:7      | Noticed Menkaure
  6920 | D:7      | Killed Menkaure
  8178 | D:3      | Bought a scroll of enchant weapon for 90 gold pieces
  8282 | D:8      | Reached skill level 5 in Shields
  8653 | D:9      | Noticed a two-headed ogre
  8664 | D:9      | Killed a two-headed ogre
  8665 | D:9      | Reached XP level 10. HP: 25/79 MP: 10/10
  9124 | D:9      | Paralysed by a hornet for 3 turns
  9522 | D:9      | Reached *** piety under Zin
 10079 | D:9      | Found a hazy altar of Hepliaklqana.
 10135 | D:10     | Entered Level 10 of the Dungeon
 10350 | D:10     | Killed an unseen horror
 10351 | D:10     | Reached skill level 1 in Invocations
 10560 | D:10     | Noticed a deep elf pyromancer
 10561 | D:10     | Killed a deep elf pyromancer
 10757 | D:10     | Noticed a gargoyle
 10907 | D:10     | Found a staircase to the Orcish Mines.
 11027 | D:10     | Noticed a five-headed hydra
 11038 | D:10     | Killed a five-headed hydra
 11107 | D:10     | Got the Disquisition on Flight and Venom
 11243 | D:10     | Noticed an orc knight
 11255 | D:10     | Killed an orc knight
 11478 | D:11     | Noticed a death yak
 11486 | D:11     | Noticed a death yak
 11494 | D:10     | Killed a death yak
 11495 | D:10     | Reached XP level 11. HP: 36/87 MP: 11/13
 11708 | D:11     | Noticed a death yak
 11725 | D:10     | Killed a death yak
 11899 | D:10     | Killed a death yak
 11900 | D:10     | Reached skill level 15 in Polearms
 11900 | D:10     | Reached skill level 10 in Dodging
 12124 | D:11     | Noticed a manticore
 12140 | D:11     | Killed a manticore
 12242 | D:11     | Found a staircase to the Lair.
 12370 | D:11     | Noticed a manticore
 12384 | D:11     | Killed a manticore
 12875 | D:11     | Noticed a boulder beetle
 12887 | D:11     | Noticed a two-headed ogre
 12887 | D:11     | Noticed a cyclops
 12900 | D:11     | Killed a two-headed ogre
 12904 | D:11     | Killed a cyclops
 13060 | D:11     | Identified the ring of the Invisible Hand {rPois rF+ rC+
                  | Will+}
 13064 | D:11     | Identified a scroll of acquirement
 13064 | D:11     | Acquired 694 gold pieces
 13065 | D:11     | Reached **** piety under Zin
 13065 | D:11     | Reached ***** piety under Zin
 13224 | Lair:1   | Entered Level 1 of the Lair of Beasts
 13232 | Lair:1   | Noticed Urug
 13253 | Lair:1   | Killed Urug
 13306 | Lair:1   | Reached XP level 12. HP: 95/95 MP: 15/15
 13482 | Lair:1   | Acquired 617 gold pieces
 13561 | Lair:1   | Reached skill level 5 in Invocations
 13627 | Lair:1   | You fall into a shaft and drop 1 floor!
 13639 | Lair:1   | Noticed an eight-headed hydra
 13652 | Lair:1   | Killed an eight-headed hydra
 13719 | Lair:1   | Acquired a manual of Dodging
 14088 | Lair:1   | Identified the +6 hand axe "Ceasuw" {drain, rF++ MP+9
                  | Str-4}
 14244 | Lair:2   | Reached skill level 1 in Stealth
 14296 | Lair:2   | Reached skill level 1 in Armour
 15040 | Lair:2   | Reached skill level 10 in Fighting
 15044 | Lair:2   | Reached skill level 10 in Shields
 15197 | Lair:3   | Reached XP level 13. HP: 103/103 MP: 17/17
 15198 | Lair:3   | Found a staircase to the Snake Pit.
 15247 | Lair:3   | Reached ****** piety under Zin
 16400 | Snake:1  | Entered Level 1 of the Snake Pit
 16990 | Lair:4   | Reached skill level 5 in Stealth
 17051 | Lair:4   | Found a staircase to the Swamp.
 17095 | Lair:4   | Learned a level 3 spell: Swiftness
 17321 | Lair:4   | Reached skill level 5 in Throwing
 17426 | Lair:4   | Identified the +8 dagger "Ockuinwy" {freeze, rCorr Int+4}
 17444 | Lair:4   | Identified the amulet "Kat Dapp" {RegenMP Will++}
 18079 | Lair:5   | Reached XP level 14. HP: 111/111 MP: 19/19
 18280 | Lair:5   | Found a viscous altar of Jiyva.
 18280 | Lair:5   | Found a staircase to the Slime Pits.
 18298 | Lair:5   | Found a snail-covered altar of Cheibriados.
 18789 | Lair:6   | Entered Level 6 of the Lair of Beasts
 19255 | Lair:6   | Noticed a dire elephant
 19273 | Lair:6   | Killed a dire elephant
 20148 | Orc:1    | Entered Level 1 of the Orcish Mines
 20164 | D:10     | Reached skill level 15 in Dodging
 20874 | Orc:2    | Entered Level 2 of the Orcish Mines
 21511 | Orc:2    | Found a staircase to the Elven Halls.
 21548 | Orc:2    | Noticed Erolcha
 21593 | Orc:2    | Killed Erolcha
 21594 | Orc:2    | Reached XP level 15. HP: 48/119 MP: 21/21
 21849 | Orc:2    | Found Buofuwn's Weapon Emporium.
 21849 | Orc:2    | Found Gistadd's Antique Armour Shop.
 21849 | Orc:2    | Found Ziobbepp's Armour Boutique.
 21957 | Orc:2    | Found Myaritus's Jewellery Shoppe.
 22173 | Orc:2    | Bought a +1 pair of gloves for 184 gold pieces
 22180 | Orc:2    | Bought a cloak for 144 gold pieces
 22180 | Orc:2    | Bought a pair of gloves for 144 gold pieces
 22268 | Orc:2    | Found Xuzood's General Store.
 22276 | Orc:2    | Bought a scroll of enchant armour for 112 gold pieces
 23026 | D:12     | Reached skill level 5 in Armour
 23134 | D:12     | You fall into a shaft and drop 3 floors!
 23134 | D:15     | Entered Level 15 of the Dungeon
 23513 | D:12     | Found a frozen archway.
 23544 | IceCv    | Entered an ice cave
 25430 | D:13     | Found a gate to the Vaults.
 25845 | D:13     | Found Ixexzad's General Store.
 25850 | D:13     | Bought a scroll of brand weapon for 240 gold pieces
 25850 | D:13     | Bought a potion of brilliance for 48 gold pieces
 26299 | D:14     | Found an opulent altar of Gozag.
 26306 | D:14     | Found Gozag's Platinum Reserve.
 26353 | D:14     | Reached skill level 1 in Evocations
 26812 | D:14     | You fall into a shaft and drop 1 floor!
 26827 | D:15     | Paralysed by a floating eye for 3 turns
 27046 | D:15     | Reached XP level 16. HP: 48/127 MP: 20/23
 27408 | D:15     | HP: 4/127 [vampire knight (16)]
 27506 | D:15     | Identified the ring of the Forsaken Youths {Wiz rElec rC+
                  | Will- Int+3 Dex+9}
 27513 | D:15     | Noticed Kirke
 27831 | D:15     | Killed Kirke
 27878 | D:15     | Paralysed by a floating eye for 4 turns
 27887 | D:15     | Paralysed by a floating eye for 4 turns
 27893 | D:15     | Paralysed by a floating eye for 4 turns
 27895 | D:15     | Slain by an ettin

Illustrated notes

Levels and vault maps discovered:
D:1:      dpeg_arrival_tiny_i, layout_rooms, hex_large, minmay_3d_cube
D:2:      layout_loops_ring
D:3:      layout_loops_cross, serial_shops, shop, minivault_4
D:4:      layout_basic, serial_aquarium, aquarium_bridge_square
          [aquarium_subvault_wall, aquarium_subvault_window,
          aquarium_subvault_wall, aquarium_subvault_bridge],
          aquarium_bridge_straight [aquarium_subvault_bridge,
          aquarium_subvault_window, aquarium_subvault_bridge,
          aquarium_subvault_window], aquarium_window_1,
          aquarium_window_corridor_2, aquarium_window_2, aquarium_view_4,
          aquarium_balcony_1b, nrook_uturn, dk_noncrumbling_2,
          chequers_serial_rivers_room_b
D:5:      layout_rooms
D:6:      layout_rooms, minmay_temple_entry_gardened_gates,
          gammafunk_ghost_grave, serial_bayou_crossing
D:7:      layout_rooms, uniq_menkaure
D:8:      layout_basic, amcnicky_mini_pool_small
D:9:      layout_cave_pods, overflow_temple_1_default
D:10:     minmay_wavy_crystal, layout_irregular_city,
          onia_ninara_dug_in_and_dangerous
D:11:     layout_basic, dpeg_lair_monsters
D:12:     layout_roguey, portal_ice_cave_demonic_guard
D:13:     layout_grid_maze, hangedman_vaults_entry_quadrant_bands, serial_shops,
          nicolae_shop_trees
D:14:     layout_gridville, nicolae_gozag_zags_fifth_avenue
D:15:     hangedman_spin_cycle
Temple:   dpeg_three_leaves_temple
Lair:1:   layout_regular_city, infiniplex_staircase_pool_2, uniq_urug
Lair:2:   layout_concentric_octagons, grunt_forest_large_clearings
Lair:3:   layout_cave_pods, minmay_snake_entry_six_corridors, serial_rivers,
          chequers_serial_rivers_small_b, chequers_serial_rivers_small_b,
          chequers_serial_rivers_large_b, chequers_serial_rivers_small_3,
          minmay_holes
Lair:4:   layout_gridlike, skrybe_swamp_entry_bodies, special_room
          [special_room_bee], minmay_lair_oklob_items, lemuel_fruit_fields
Lair:5:   layout_concentric_octagons, slime_altar_1, basic_altar, minivault_19,
          eino_house_with_fridge, grunt_megastairs_1
Lair:6:   grunt_lair_end_beastmaster, layout_loops_ring, lemuel_fruit_tree
Snake:1:  layout_layer_cave, st_stairs_2, nicolae_snake_ghostly_warrior_ritual
Orc:1:    layout_caves, mines2_david
Orc:2:    st_orc_rangers, layout_caves, special_room, serial_shops,
          nicolae_shop_competitors_out_of_business, uniq_erolcha

Skill      XL: |  1  2  3  4  5  6  7  8  9 10 11 12 13 14 15 16 |
---------------+-------------------------------------------------+-----
Polearms       | 5 6 7 9 10 11 13 14 15 16 | 16.1
Fighting       | 3 4 5 6 7 8 9 10 11 12 | 12.3
Dodging        | 5 6 7 8 9 10 12 13 15 16 | 16.9
Shields        | 2 6 7 9 10 11 12 13 | 13.5
Invocations    | 3 4 6 7 8 9 |  9.5
Stealth        | 3 5 7 8 9 |  9.2
Armour         | 2 3 4 5 |  5.9
Throwing       | 3 5 6 7 8 |  8.2
Evocations     | 1 2 |  2.5

Action                   |  1- 3 |  4- 6 |  7- 9 | 10-12 | 13-15 | 16-18 || total
-------------------------+-------+-------+-------+-------+-------+-------++-------
Melee: Trident           |   123 |   165 |   285 |   456 |  1534 |   132 ||  2695
       Halberd           |       |       |    30 |       |       |       ||    30
       Tailslap          |       |       |       |     7 |    11 |    10 ||    28
Throw: Dart              |       |    19 |    37 |    37 |       |       ||    93
       Throwing net      |       |       |     1 |       |       |       ||     1
       Javelin           |       |       |       |     5 |     6 |       ||    11
       Boomerang         |       |       |       |       |    68 |       ||    68
Invok: Donate Gold       |       |       |     1 |       |       |       ||     1
       Recite            |       |       |     2 |     6 |    24 |     4 ||    36
       Vitalisation      |       |       |       |     4 |    10 |     2 ||    16
       Sanctuary         |       |       |       |       |       |     2 ||     2
Evoke: Wand              |       |       |       |     7 |       |     1 ||     8
       Lightning rod     |       |       |       |     2 |       |       ||     2
  Use: Scroll            |       |       |    17 |     9 |    13 |     1 ||    40
       Potion            |       |       |       |       |       |     2 ||     2
 Stab: Sleeping          |     2 |     2 |       |     5 |    30 |       ||    39
       Confused          |       |       |       |     2 |     6 |     5 ||    13
       Distracted        |       |       |       |     3 |     5 |       ||     8
       Petrified         |       |       |       |       |    11 |       ||    11
       Invisible         |       |       |       |       |     8 |       ||     8
       Paralysed         |       |       |       |       |     4 |       ||     4
       Petrifying        |       |       |       |       |     2 |       ||     2
Armor: Leather armour    |    32 |    44 |    71 |    15 |       |       ||   162
       Troll leather arm |       |       |       |    36 |   117 |       ||   153
       Fire dragon scale |       |       |       |       |    16 |    27 ||    43
Dodge: Dodged            |    82 |    87 |   132 |   297 |   824 |    55 ||  1477
Block: Kite shield       |       |       |    79 |   259 |   820 |    55 ||  1213
